MLB
SAN FRANCISCO GIANTS @ LOS ANGELES DODGERS
05/04/2099
 
TOP OF THE 1ST
San Francisco Giants batting - Pitching for Los Angeles Dodgers : RHP Matt Patras
Pitching: RHP Matt Patras
Batting: RHB Erik Mulloy 0-0: Called Strike
0-1: Ball
1-1: Foul Ball, location: 5DF
1-2: Foul Ball, location: 2F
1-2: Strikes out swinging
Batting: RHB Dave Melton 0-0: Fly out, F7 (Line Drive, 7, EV 100.0 MPH)
Batting: LHB Daniel Cipolla 0-0: Called Strike
0-1: Ball
1-1: Ball
2-1: Fly out, F4 (Line Drive, 4, EV 65.0 MPH)
Top of the 1st over - 0 runs, 0 hits, 0 errors, 0 left on base; San Francisco 0 - Los Angeles 0
BOTTOM OF THE 1ST
Los Angeles Dodgers batting - Pitching for San Francisco Giants : RHP Andy Cote
Pitching: RHP Andy Cote
Batting: RHB Dan Boyd 0-0: Ball
1-0: Called Strike
1-1: Swinging Strike
1-2: Strikes out looking
Batting: RHB Bryan Uplinger 0-0: Swinging Strike
0-1: Called Strike
0-2: Ball
1-2: Strikes out swinging
Batting: LHB Ramon Anguiano 0-0: Swinging Strike
0-1: Ball
1-1: Called Strike
1-2: Strikes out looking
Bottom of the 1st over - 0 runs, 0 hits, 0 errors, 0 left on base; San Francisco 0 - Los Angeles 0
TOP OF THE 2ND
San Francisco Giants batting - Pitching for Los Angeles Dodgers : RHP Matt Patras
Batting: LHB Eric Plaunt 0-0: Ball
1-0: Foul Ball, location: 7LSFF
1-1: Ball
2-1: Called Strike
2-2: Strikes out swinging
Batting: RHB David Bishop 0-0: Called Strike
0-1: Ball
1-1: Called Strike
1-2: Fly out, F8 (Flyball, 8RM, EV 93.8 MPH)
Batting: LHB Kevin Shaw 0-0: Foul Ball, location: 2F
0-1: Foul Ball, location: 2LF
0-2: Ball
1-2: Reached on error, E7 (Flyball, 7D, EV 105.0 MPH)
Batting: LHB Lindsay Foreman 0-0: Swinging Strike
0-1: Called Strike
0-2: Foul Ball, location: 2F
0-2: Strikes out looking
Top of the 2nd over - 0 runs, 0 hits, 1 error, 1 left on base; San Francisco 0 - Los Angeles 0
BOTTOM OF THE 2ND
Los Angeles Dodgers batting - Pitching for San Francisco Giants : RHP Andy Cote
Batting: RHB Victor Salinas 0-0: Ball
1-0: Fly out, F8 (Flyball, 8RM, EV 86.9 MPH)
Batting: SHB Mang He 0-0: Ball
1-0: Called Strike
1-1: Fly out, F8 (Flyball, 8LD, EV 88.1 MPH)
Batting: LHB Greg Thompson 0-0: Fly out, F8 (Line Drive, 8RM, EV 94.4 MPH)
Bottom of the 2nd over - 0 runs, 0 hits, 0 errors, 0 left on base; San Francisco 0 - Los Angeles 0
TOP OF THE 3RD
San Francisco Giants batting - Pitching for Los Angeles Dodgers : RHP Matt Patras
Batting: LHB Ernesto Pelayo 0-0: Called Strike
0-1: Swinging Strike
0-2: Strikes out looking
Batting: RHB Kevin Mosemann 0-0: Ball
1-0: SINGLE (Groundball, 34D, EV 98.8 MPH)
Batting: RHB Erik Mulloy 0-0: Called Strike
0-1: Called Strike
0-2: Foul Ball, location: 2F
0-2: 2-RUN HOME RUN (Flyball, 89XD, EV 99.4 MPH), Distance : 403 ft
Batting: RHB Dave Melton 0-0: Ground out 4-3 (Groundball, 4, EV 88.8 MPH)
Batting: LHB Daniel Cipolla 0-0: Called Strike
0-1: Ball
1-1: Foul Ball, location: 2F
1-2: Ball
2-2: Strikes out swinging
Top of the 3rd over - 2 runs, 2 hits, 0 errors, 0 left on base; San Francisco 2 - Los Angeles 0
BOTTOM OF THE 3RD
Los Angeles Dodgers batting - Pitching for San Francisco Giants : RHP Andy Cote
Batting: RHB Joe Boyer 0-0: Ball
1-0: Called Strike
1-1: Called Strike
1-2: Ball
2-2: Ball
3-2: Strikes out swinging
Batting: RHB Brad Horwath 0-0: Called Strike
0-1: Ground out 1-3 (Groundball, 15S, EV 75.0 MPH)
Batting: LHB Joel Holden 0-0: Ball
1-0: Foul Ball, location: 9LSF
1-1: Fly out, F8 (Flyball, 8LD, EV 102.5 MPH)
Bottom of the 3rd over - 0 runs, 0 hits, 0 errors, 0 left on base; San Francisco 2 - Los Angeles 0
TOP OF THE 4TH
San Francisco Giants batting - Pitching for Los Angeles Dodgers : RHP Matt Patras
Batting: LHB Eric Plaunt 0-0: Ball
1-0: Foul Ball, location: 9LSFF
1-1: Swinging Strike
1-2: Foul Ball, location: 5FF
1-2: Ball
2-2: Fly out, F7 (Flyball, 78M, EV 88.1 MPH)
Batting: RHB David Bishop 0-0: Called Strike
0-1: Called Strike
0-2: DOUBLE (Flyball, 8RXD, EV 98.1 MPH)
Batting: LHB Kevin Shaw 0-0: Ball
1-0: Swinging Strike
1-1: Swinging Strike
1-2: Ball
2-2: Ball
3-2: Foul Ball, location: 25FF
3-2: Foul Ball, location: 7LMF
3-2: Base on Balls
Batting: LHB Lindsay Foreman 0-0: Called Strike
0-1: Foul Ball, location: 23F
0-2: Strikes out swinging
Batting: LHB Ernesto Pelayo 0-0: Ball
1-0: Called Strike
1-1: Foul Ball, location: 2F
1-2: Strikes out swinging
Top of the 4th over - 0 runs, 1 hit, 0 errors, 2 left on base; San Francisco 2 - Los Angeles 0
BOTTOM OF THE 4TH
Los Angeles Dodgers batting - Pitching for San Francisco Giants : RHP Andy Cote
Batting: RHB Dan Boyd 0-0: Swinging Strike
0-1: Called Strike
0-2: Ground out 6-3 (Groundball, 6, EV 103.8 MPH)
Batting: RHB Bryan Uplinger 0-0: Foul Ball, location: 7LSF
0-1: Ground out 5-3 (Groundball, 6S, EV 71.3 MPH)
Batting: LHB Ramon Anguiano 0-0: Ball
1-0: Ball
2-0: Called Strike
2-1: Called Strike
2-2: Foul Ball, location: 3SF
2-2: Ball
3-2: Strikes out swinging
Bottom of the 4th over - 0 runs, 0 hits, 0 errors, 0 left on base; San Francisco 2 - Los Angeles 0
TOP OF THE 5TH
San Francisco Giants batting - Pitching for Los Angeles Dodgers : RHP Matt Patras
Batting: RHB Kevin Mosemann 0-0: Foul Ball, location: 23FF
0-1: Ball
1-1: Bunt missed!
1-2: Fly out, F7 (Flyball, 7LM, EV 90.6 MPH)
Batting: RHB Erik Mulloy 0-0: Ball
1-0: Foul Ball, location: 3DF
1-1: Ball
2-1: Called Strike
2-2: Ground out 6-3 (Groundball, 6S, EV 86.9 MPH)
Batting: RHB Dave Melton 0-0: Called Strike
0-1: Called Strike
0-2: Ball
1-2: Foul Ball, location: 2F
1-2: Strikes out swinging
Top of the 5th over - 0 runs, 0 hits, 0 errors, 0 left on base; San Francisco 2 - Los Angeles 0
BOTTOM OF THE 5TH
Los Angeles Dodgers batting - Pitching for San Francisco Giants : RHP Andy Cote
Batting: RHB Victor Salinas 0-0: Ball
1-0: Swinging Strike
1-1: Fly out, F7 (Flyball, 78M, EV 95.0 MPH)
Batting: SHB Mang He 0-0: Called Strike
0-1: Ball
1-1: Ball
2-1: TRIPLE (Line Drive, 89XD, EV 110.0 MPH)
Batting: LHB Greg Thompson 0-0: Ball
1-0: Fly out, F7 (Flyball, 7S, EV 87.5 MPH)
Batting: RHB Joe Boyer 0-0: Ball
1-0: Ball
2-0: Ball
3-0: Base on Balls
Batting: RHB Brad Horwath 0-0: Called Strike
0-1: Ball
1-1: Called Strike
1-2: Ball
2-2: Foul Ball, location: 2F
2-2: Fielders Choice at 2nd, 6-4 (Groundball, 56, EV 101.9 MPH)
Bottom of the 5th over - 0 runs, 1 hit, 0 errors, 2 left on base; San Francisco 2 - Los Angeles 0
TOP OF THE 6TH
San Francisco Giants batting - Pitching for Los Angeles Dodgers : RHP Matt Patras
Batting: LHB Daniel Cipolla 0-0: Called Strike
0-1: Swinging Strike
0-2: Foul Ball, location: 2F
0-2: Foul Ball, location: 2F
0-2: Foul Ball, location: 9LMF
0-2: Foul Ball, location: 2F
0-2: Foul Ball, location: 2F
0-2: Fly out, F7 (Flyball, 7LM, EV 91.3 MPH)
Pitching: RHP Kyle McLelland
Batting: LHB Eric Plaunt 0-0: Called Strike
0-1: Foul Ball, location: 2F
0-2: Ball
1-2: Strikes out swinging
Batting: RHB David Bishop 0-0: Ball
1-0: Ball
2-0: Ball
3-0: Called Strike
3-1: SINGLE (Line Drive, 78S, EV 104.4 MPH)
Batting: LHB Kevin Shaw 0-0: Swinging Strike
0-1: Ball
David Bishop steals 2nd base
1-1: Foul Ball, location: 2F
1-2: Ball
2-2: Ball
3-2: Foul Ball, location: 2F
3-2: Strikes out swinging
Top of the 6th over - 0 runs, 1 hit, 0 errors, 1 left on base; San Francisco 2 - Los Angeles 0
BOTTOM OF THE 6TH
Los Angeles Dodgers batting - Pitching for San Francisco Giants : RHP Andy Cote
Batting: LHB Joel Holden 0-0: Ball
1-0: Called Strike
1-1: Ball
2-1: Foul Ball, location: 23FF
2-2: SINGLE (Groundball, 6MD, EV 107.5 MPH)
Batting: RHB Dan Boyd 0-0: SINGLE (Line Drive, 6M, EV 94.4 MPH)
Joel Holden to second
Batting: RHB Bryan Uplinger 0-0: Ball
1-0: Bunted foul
1-1: Ball
2-1: Ball
3-1: Ball
Joel Holden to third
Dan Boyd to second
Batting: LHB Ramon Anguiano 0-0: Fly out, F8 (Flyball, 78S, EV 88.8 MPH)
Batting: RHB Victor Salinas 0-0: Foul Ball, location: 2F
0-1: Ball
1-1: Grounds into fielders choice 6-2 (Groundball, 6, EV 106.9 MPH)
Dan Boyd to third
Bryan Uplinger to second
Batting: SHB Mang He 0-0: Called Strike
0-1: Swinging Strike
0-2: Strikes out swinging
Bottom of the 6th over - 0 runs, 2 hits, 0 errors, 3 left on base; San Francisco 2 - Los Angeles 0
TOP OF THE 7TH
San Francisco Giants batting - Pitching for Los Angeles Dodgers : RHP Kyle McLelland
Pitching: LHP Jose Amaro
Batting: RHB Chris Strong 0-0: Ball
1-0: Called Strike
1-1: Ball
2-1: Ball
3-1: Called Strike
3-2: Ground out 5-3 (Groundball, 56, EV 105.0 MPH)
Batting: LHB Ernesto Pelayo 0-0: Ground out 4-3 (Groundball, 4MD, EV 96.3 MPH)
Batting: RHB Kevin Mosemann 0-0: Called Strike
0-1: Called Strike
0-2: Strikes out swinging
Top of the 7th over - 0 runs, 0 hits, 0 errors, 0 left on base; San Francisco 2 - Los Angeles 0
BOTTOM OF THE 7TH
Los Angeles Dodgers batting - Pitching for San Francisco Giants : RHP Andy Cote
Now at SS: Bryce Bissinger
Batting: LHB Greg Thompson 0-0: Called Strike
0-1: Ball
1-1: SOLO HOME RUN (Flyball, 89XD, EV 101.3 MPH), Distance : 394 ft
Batting: RHB Joe Boyer 0-0: Ball
1-0: Called Strike
1-1: Swinging Strike
1-2: Ball
2-2: Ball
3-2: Ground out U3 (Groundball, 34, EV 88.8 MPH)
Batting: RHB Brad Horwath 0-0: Ball
1-0: Called Strike
1-1: Called Strike
1-2: Ball
2-2: Fly out, F8 (Flyball, 78M, EV 92.5 MPH)
Batting: LHB Joel Holden 0-0: Ball
1-0: Ball
2-0: Ball
3-0: Called Strike
3-1: Base on Balls
Pitching: LHP C.J. Williams
Batting: RHB Dan Boyd 0-0: Ball
1-0: Ball
2-0: Fly out, F8 (Flyball, 8RD, EV 90.0 MPH)
Bottom of the 7th over - 1 run, 1 hit, 0 errors, 1 left on base; San Francisco 2 - Los Angeles 1
TOP OF THE 8TH
San Francisco Giants batting - Pitching for Los Angeles Dodgers : LHP Jose Amaro
Batting: RHB Erik Mulloy 0-0: Ground out U3 (Groundball, 3, EV 81.9 MPH)
Batting: RHB Dave Melton 0-0: Swinging Strike
0-1: Ball
1-1: Ball
2-1: Ground out 6-3 (Groundball, 6M, EV 96.9 MPH)
Batting: LHB Daniel Cipolla 0-0: Ball
1-0: Fly out, F8 (Line Drive, 8LM, EV 104.4 MPH)
Top of the 8th over - 0 runs, 0 hits, 0 errors, 0 left on base; San Francisco 2 - Los Angeles 1
BOTTOM OF THE 8TH
Los Angeles Dodgers batting - Pitching for San Francisco Giants : LHP C.J. Williams
Batting: RHB Bryan Uplinger 0-0: Ball
1-0: Ball
2-0: SINGLE (Line Drive, 78S, EV 105.6 MPH)
Batting: RHB John Spohn 0-0: SINGLE (Groundball, 6MD, EV 106.3 MPH)
Bryan Uplinger to second
Runner from 2nd tries for 3rd, SAFE, no throw by CF
Pitching: RHP Drew Goodwin
Batting: RHB Victor Salinas 0-0: Swinging Strike
0-1: Ball
1-1: Ball
2-1: Foul Ball, location: 23FF
2-2: Ball
3-2: Foul Ball, location: 2F
3-2: Strikes out swinging
Batting: SHB Mang He 0-0: Ball
1-0: Swinging Strike
1-1: Ball
2-1: Ball
3-1: Swinging Strike
3-2: Base on Balls
John Spohn to second
Batting: LHB Greg Thompson 0-0: Ball
1-0: Fly out, F7 (Flyball, 7D, EV 96.3 MPH)
Runner from 3rd tags up, SCORES, throw by LF
Pinch Hitting: LHB Roy Lazzaro 0-0: 3-RUN HOME RUN (Flyball, 7D, EV 105.0 MPH), Distance : 385 ft
Batting: RHB Brad Horwath 0-0: Swinging Strike
0-1: Ball
1-1: Ground out 6-3 (Groundball, 6M, EV 108.8 MPH)
Bottom of the 8th over - 4 runs, 3 hits, 0 errors, 0 left on base; San Francisco 2 - Los Angeles 5
TOP OF THE 9TH
San Francisco Giants batting - Pitching for Los Angeles Dodgers : LHP Jose Amaro
Pitching: RHP Dennis Emmons
Now at C: Ron Ascencio
Now at 1B: Mang He
Now at 2B: Dan Boyd
Now at 3B: Luis Lozada
Now at SS: Jason Avsar
Batting: LHB Eric Plaunt 0-0: Called Strike
0-1: Ball
1-1: Foul Ball, location: 2F
1-2: Ball
2-2: Ball
3-2: Ground out 4-3 (Groundball, 4, EV 84.4 MPH)
Batting: RHB David Bishop 0-0: Foul Ball, location: 5F
0-1: Ground out 5-3 (Groundball, 5, EV 103.8 MPH)
Batting: LHB Kevin Shaw 0-0: Ball
1-0: Fly out, F7 (Flyball, 7S, EV 94.4 MPH)
Top of the 9th over - 0 runs, 0 hits, 0 errors, 0 left on base; San Francisco 2 - Los Angeles 5
Thursday, May 2nd , 2024 - OOTP Baseball 24.11 Build 85